[ AOE2 MATCH · #477814707 ]
UnrankedGurjaras vs Bohemians
[ REPLAY ANALYSIS · EXTRACTED FROM THE RECORDED GAME ]
Feudal
—
Castle
—
Imperial
—
| APM avg | 29.8 |
| APM peak | 44 |
| eAPM avg | 19.9 |
| Villagers / military | 24 / 0 |
Focus
⚔️ 33.1% · 🌾 66.9%
Feudal
—
Castle
—
Imperial
—
| APM avg | 36.8 |
| APM peak | 50 |
| eAPM avg | 22.1 |
| Villagers / military | 24 / 0 |
Focus
⚔️ 37.4% · 🌾 62.6%
Feudal
—
Castle
—
Imperial
—
| APM avg | 38.3 |
| APM peak | 77 |
| eAPM avg | 20.4 |
| Villagers / military | 36 / 0 |
Focus
⚔️ 34.4% · 🌾 65.6%
Feudal
8:51
Castle
—
Imperial
—
| APM avg | 44.6 |
| APM peak | 78 |
| eAPM avg | 19.6 |
| Villagers / military | 24 / 0 |
Focus
⚔️ 24.7% · 🌾 75.3%
Feudal
—
Castle
—
Imperial
—
| APM avg | 33.9 |
| APM peak | 60 |
| eAPM avg | 21.3 |
| Villagers / military | 43 / 0 |
Focus
⚔️ 28.6% · 🌾 71.4%
Feudal
8:39
Castle
—
Imperial
—
| APM avg | 44.8 |
| APM peak | 68 |
| eAPM avg | 19.9 |
| Villagers / military | 25 / 0 |
Focus
⚔️ 20.4% · 🌾 79.6%
Match map
Initial resources + every placement click. Lines = walls · curves = elevation contours. ◆ gold · ⬟ stone · ● berries · ✦ relic · ◌ wall gap
Your base
[NOGG] HaZarD10S's base
CHÓ GHẺ DŨNG CẢM's base
Tio GG Universal's base
Duke Nukem's base
DL | Lich's base
Smoothed initial terrain · ◌ = detected wall gap · hover for details
Inputs per minute
— generic74 - - [NOGG] HaZarD10S
Build order — generic74
49 actions detected in the replay
| 0:01 | Create | Villager (Male) ×4 |
| 0:03 | Build | House |
| 0:16 | Research | Loom |
| 0:26 | Build | Mill |
| 0:36 | Build | House |
| 0:37 | Build | House |
| 0:38 | Build | House |
| 0:45 | Create | Villager (Male) |
| 0:46 | Create | Villager (Male) |
| 1:09 | Create | Villager (Male) |
| 1:49 | Build | House |
| 1:50 | Build | House |
| 1:51 | Build | House |
| 1:56 | Build | House |
| 1:57 | Build | House |
| 1:58 | Build | House |
| 2:04 | Create | Villager (Male) |
| 2:33 | Create | Villager (Male) |
| 2:38 | Build | House |
| 3:21 | Create | Villager (Male) |
| 3:41 | Create | Villager (Male) |
| 4:11 | Create | Villager (Male) |
| 4:34 | Create | Villager (Male) |
| 5:00 | Create | Villager (Male) |
| 5:18 | Create | Villager (Male) |
| 5:24 | Build | Mill |
| 5:31 | Create | Villager (Male) |
| 6:19 | Create | Villager (Male) |
| 6:29 | Build | Lumber Camp |
| 6:41 | Create | Villager (Male) |
| 6:55 | Create | Villager (Male) |
| 7:13 | Build | Palisade Wall |
| 7:16 | Build | Palisade Wall |
| 7:17 | Create | Villager (Male) |
| 7:25 | Build | Palisade Wall |
| 7:26 | Build | Palisade Wall |
| 7:27 | Build | Palisade Wall |
| 7:29 | Build | Palisade Wall |
| 7:36 | Create | Villager (Male) |
| 7:49 | Build | Palisade Gate |
| 7:55 | Create | Villager (Male) |
| 8:13 | Build | Mill |
| 8:14 | Create | Villager (Male) |
| 8:51 | Create | Villager (Male) |
| 8:57 | Build | House |
| 8:58 | Build | House |
| 9:04 | Build | House |
| 9:06 | Build | House |
| 9:10 | Build | House |
Build order — [NOGG] HaZarD10S
38 actions detected in the replay
| 0:00 | Create | Villager (Male) |
| 0:00 | Create | Villager (Male) |
| 0:01 | Create | Villager (Male) |
| 0:02 | Build | House |
| 0:03 | Build | House |
| 0:15 | Create | Villager (Male) |
| 1:25 | Create | Villager (Male) |
| 2:09 | Create | Villager (Male) |
| 2:09 | Create | Villager (Male) |
| 2:09 | Create | Villager (Male) |
| 2:37 | Create | Villager (Male) |
| 2:37 | Create | Villager (Male) |
| 2:49 | Build | Mill |
| 2:52 | Build | House |
| 3:05 | Create | Villager (Male) |
| 3:40 | Create | Villager (Male) |
| 3:52 | Create | Villager (Male) |
| 4:18 | Create | Villager (Male) |
| 4:18 | Create | Villager (Male) |
| 4:33 | Create | Villager (Male) |
| 4:34 | Create | Villager (Male) |
| 4:34 | Create | Villager (Male) |
| 5:20 | Build | Lumber Camp |
| 6:01 | Build | House |
| 6:41 | Create | Villager (Male) |
| 7:11 | Create | Villager (Male) |
| 7:11 | Create | Villager (Male) |
| 7:15 | Build | Farm |
| 7:17 | Build | Farm |
| 7:33 | Build | Lumber Camp |
| 7:57 | Create | Villager (Male) |
| 7:58 | Create | Villager (Male) |
| 8:08 | Build | House |
| 8:34 | Build | Mill |
| 8:52 | Create | Villager (Male) |
| 9:10 | Research | Feudal Age |
| 9:10 | Research | Feudal Age |
| 9:15 | Build | Mining Camp |
Build order — CHÓ GHẺ DŨNG CẢM
45 actions detected in the replay
| 0:01 | Create | Villager (Male) |
| 0:02 | Create | Villager (Male) |
| 0:03 | Build | House |
| 0:04 | Build | House |
| 0:11 | Create | Villager (Male) |
| 0:11 | Create | Villager (Male) |
| 0:12 | Create | Villager (Male) |
| 1:28 | Create | Villager (Male) |
| 1:28 | Create | Villager (Male) |
| 2:03 | Create | Villager (Male) |
| 2:03 | Create | Villager (Male) |
| 2:21 | Build | Lumber Camp |
| 2:22 | Create | Villager (Male) |
| 2:22 | Create | Villager (Male) |
| 2:52 | Create | Villager (Male) |
| 3:25 | Create | Villager (Male) |
| 3:26 | Create | Villager (Male) |
| 3:40 | Create | Villager (Male) |
| 3:40 | Create | Villager (Male) |
| 3:55 | Create | Villager (Male) |
| 3:55 | Create | Villager (Male) |
| 4:02 | Build | House |
| 4:27 | Create | Villager (Male) |
| 4:27 | Create | Villager (Male) |
| 4:33 | Build | Mill |
| 4:46 | Create | Villager (Male) |
| 4:46 | Create | Villager (Male) |
| 4:47 | Create | Villager (Male) |
| 5:20 | Create | Villager (Male) |
| 5:20 | Create | Villager (Male) |
| 5:36 | Create | Villager (Male) |
| 5:37 | Create | Villager (Male) |
| 5:58 | Build | House |
| 6:03 | Create | Villager (Male) |
| 6:03 | Create | Villager (Male) |
| 6:04 | Create | Villager (Male) |
| 6:16 | Create | Villager (Male) |
| 6:16 | Create | Villager (Male) |
| 6:19 | Create | Villager (Male) |
| 6:19 | Create | Villager (Male) |
| 7:13 | Create | Villager (Male) |
| 7:41 | Build | House |
| 7:58 | Create | Villager (Male) |
| 8:32 | Research | Feudal Age |
| 8:33 | Research | Feudal Age |
Build order — Tio GG Universal
36 actions detected in the replay
| 0:01 | Create | Villager (Male) |
| 0:02 | Build | House |
| 0:03 | Create | Villager (Male) |
| 0:04 | Build | House |
| 0:05 | Create | Villager (Male) |
| 0:13 | Create | Villager (Male) |
| 1:22 | Create | Villager (Male) |
| 1:47 | Build | Lumber Camp |
| 2:00 | Create | Villager (Male) |
| 2:30 | Create | Villager (Male) |
| 2:37 | Build | House |
| 2:39 | Create | Villager (Male) |
| 2:49 | Create | Villager (Male) |
| 3:10 | Create | Villager (Male) |
| 3:12 | Create | Villager (Male) |
| 3:56 | Create | Villager (Male) |
| 3:58 | Create | Villager (Male) |
| 4:04 | Create | Villager (Male) |
| 4:22 | Build | Mill |
| 4:30 | Research | Loom |
| 4:33 | Create | Villager (Male) |
| 4:55 | Create | Villager (Male) |
| 4:59 | Create | Villager (Male) |
| 5:04 | Create | Villager (Male) |
| 5:17 | Create | Villager (Male) |
| 5:39 | Create | Villager (Male) |
| 5:53 | Create | Villager (Male) |
| 6:38 | Research | Feudal Age |
| 7:11 | Build | Mining Camp |
| 7:37 | Build | House |
| 8:24 | Create | Villager (Male) |
| 8:51 | Age | Feudal Age |
| 8:55 | Research | Double-Bit Axe |
| 8:55 | Research | Horse Collar |
| 8:58 | Create | Villager (Male) |
| 9:02 | Create | Villager (Male) |
Build order — Duke Nukem
57 actions detected in the replay
| 0:00 | Create | Villager (Male) |
| 0:01 | Create | Villager (Male) |
| 0:01 | Create | Villager (Male) |
| 0:02 | Build | House |
| 0:04 | Build | House |
| 0:05 | Create | Villager (Male) |
| 0:05 | Create | Villager (Male) |
| 0:05 | Create | Villager (Male) |
| 0:06 | Create | Villager (Male) |
| 0:23 | Research | Loom |
| 0:23 | Create | Villager (Male) |
| 0:23 | Create | Villager (Male) |
| 0:23 | Create | Villager (Male) |
| 0:24 | Create | Villager (Male) |
| 0:24 | Create | Villager (Male) |
| 1:04 | Build | Palisade Wall |
| 1:09 | Build | Palisade Wall |
| 1:52 | Build | Lumber Camp |
| 1:57 | Create | Villager (Male) |
| 1:57 | Create | Villager (Male) |
| 1:58 | Create | Villager (Male) |
| 2:33 | Create | Villager (Male) |
| 2:33 | Create | Villager (Male) |
| 2:34 | Create | Villager (Male) |
| 2:54 | Create | Villager (Male) |
| 2:54 | Create | Villager (Male) |
| 3:23 | Create | Villager (Male) |
| 3:24 | Create | Villager (Male) |
| 3:24 | Create | Villager (Male) |
| 3:24 | Create | Villager (Male) |
| 3:32 | Build | House |
| 3:43 | Create | Villager (Male) |
| 3:44 | Create | Villager (Male) |
| 3:44 | Create | Villager (Male) |
| 4:00 | Build | House |
| 4:13 | Create | Villager (Male) |
| 4:14 | Create | Villager (Male) |
| 4:14 | Create | Villager (Male) |
| 4:38 | Create | Villager (Male) |
| 5:12 | Create | Villager (Male) |
| 5:12 | Create | Villager (Male) |
| 5:12 | Create | Villager (Male) |
| 5:12 | Create | Villager (Male) |
| 5:26 | Build | Palisade Gate |
| 5:43 | Build | Palisade Gate |
| 5:47 | Create | Villager (Male) |
| 5:47 | Create | Villager (Male) |
| 5:47 | Create | Villager (Male) |
| 5:48 | Create | Villager (Male) |
| 5:48 | Create | Villager (Male) |
| 5:56 | Build | Palisade Gate |
| 5:59 | Build | Palisade Wall |
| 6:02 | Build | Palisade Wall |
| 7:24 | Create | Villager (Male) |
| 7:45 | Create | Villager (Male) |
| 8:40 | Create | Villager (Male) |
| 8:43 | Build | Mill |
Build order — DL | Lich
43 actions detected in the replay
| 0:02 | Create | Villager (Male) |
| 0:03 | Build | House |
| 0:05 | Build | House |
| 0:16 | Create | Villager (Male) |
| 0:17 | Create | Villager (Male) |
| 0:20 | Create | Villager (Male) |
| 0:20 | Create | Villager (Male) |
| 1:46 | Create | Villager (Male) |
| 1:46 | Create | Villager (Male) |
| 1:51 | Build | Lumber Camp |
| 2:08 | Create | Villager (Male) |
| 2:08 | Create | Villager (Male) |
| 2:08 | Create | Villager (Male) |
| 2:28 | Create | Villager (Male) |
| 3:00 | Create | Villager (Male) |
| 3:00 | Create | Villager (Male) |
| 3:29 | Build | House |
| 3:44 | Create | Villager (Male) |
| 3:44 | Create | Villager (Male) |
| 3:45 | Create | Villager (Male) |
| 4:12 | Create | Villager (Male) |
| 4:14 | Build | Mill |
| 4:33 | Create | Villager (Male) |
| 4:33 | Create | Villager (Male) |
| 4:33 | Create | Villager (Male) |
| 4:52 | Research | Loom |
| 6:29 | Research | Feudal Age |
| 6:29 | Research | Feudal Age |
| 6:30 | Research | Feudal Age |
| 6:55 | Build | Mining Camp |
| 7:25 | Create | Villager (Male) |
| 7:32 | Build | House |
| 7:33 | Build | House |
| 8:31 | Create | Villager (Male) |
| 8:39 | Age | Feudal Age |
| 8:50 | Research | Double-Bit Axe |
| 8:50 | Research | Double-Bit Axe |
| 8:55 | Research | Horse Collar |
| 8:56 | Research | Horse Collar |
| 8:58 | Create | Villager (Male) |
| 9:16 | Create | Villager (Male) |
| 9:19 | Build | Watch Tower |
| 9:27 | Create | Villager (Male) |
Match timeline
| 1:04 | Duke Nukem · wall_segment Palisade Wall x10 |
| 1:09 | Duke Nukem · wall_segment Palisade Wall x8 |
| 5:59 | Duke Nukem · wall_segment Palisade Wall x1 |
| 6:02 | Duke Nukem · wall_segment Palisade Wall x1 |
| 7:13 | generic74 · wall_segment Palisade Wall x1 |
| 7:16 | generic74 · wall_segment Palisade Wall x1 |
| 7:25 | generic74 · wall_segment Palisade Wall x1 |
| 7:26 | generic74 · wall_segment Palisade Wall x1 |
| 7:27 | generic74 · wall_segment Palisade Wall x1 |
| 7:29 | generic74 · wall_segment Palisade Wall x1 |
| 8:39 | DL | Lich · age_up feudal |
| 8:51 | Tio GG Universal · age_up feudal |
| 9:10 | Duke Nukem · resign |
[ AI ANALYSIS · 1 CREDIT ]
What really happened in this match?
Wolo.gg analyzes every decision: build order, eco, micro, common mistakes by bracket. Personalized analysis on WhatsApp or Discord in 30 seconds.
Civ guide
Gurjaras
Perfil
generic74